 Dungeon Crawl Stone Soup version 0.31-a0-198-g2ad674f65e (webtiles) character file.

Game seed: 6297172668276489900

936 qw the Skirmisher (level 7, -3/40 HPs)
             Began as a Deep Elf Hunter on June 25, 2023.
             Slain by Sigmund
             ... wielding a +0 scythe
              (5 damage)
             ... on level 4 of the Dungeon.
             The game lasted 00:01:08 (2357 turns).

qw the Skirmisher (Deep Elf Hunter)                 Turns: 2357, Time: 00:01:09

Health: -3/40      AC:  7    Str: 10    XL:     7   Next: 87%
Magic:  9/9        EV: 13    Int: 14    God:
Gold:   159        SH:  0    Dex: 18    Spells: 6/6 levels left

rFire   . . .        Y - +0 shortbow (flame)
rCold   . . .        (shield currently unavailable)
rNeg    . . .        j - +0 ring mail
rPois   .            (no helmet)
rElec   .            i - +0 cloak
rCorr   +            c - +0 pair of gloves
SInv    .            (no boots)
Will    .....        (no amulet)
Stlth   +            e - ring of resist corrosion
HPRegen 0.26/turn    (no ring)
MPRegen 0.11/turn

%: no passive effects
@: no status effects
A: no striking features
a: no special abilities


You were on level 4 of the Dungeon.
You visited 1 branch of the dungeon, and saw 4 of its levels.

You collected 159 gold pieces.


   Skills:
 - Level 2.1 Fighting
 + Level 10.3 Ranged Weapons
 - Level 1.0 Armour
 - Level 7.0 Dodging
 - Level 1.2 Stealth


You had 6 spell levels left.
You didn't know any spells.
Your spell library was empty.

Inventory:

Hand Weapons
 Y - a +0 shortbow of flaming (weapon)
Armour
 c - a +0 pair of gloves (worn)
 i - a +0 cloak (worn)
 j - a +0 ring mail (worn)
Jewellery
 e - a ring of resist corrosion (left hand)
Scrolls
 k - 2 scrolls of identify
Potions
 a - a potion of mutation
 b - a potion of haste {unknown}
 d - 2 potions of curing
 f - a potion of magic {unknown}
 g - a potion of berserk rage {unknown}
 h - a potion of degeneration {unknown}
 l - a potion of enlightenment {unknown}

Dungeon Overview and Level Annotations

Branches:
Dungeon (4/15)
 Temple: D:4-7

Altars:
Dithmenos
Nemelex Xobeh
Uskayaw

Annotations:
D:4 Sigmund


Message History

Pikel is heavily wounded.
The jelly barely misses you.
Pikel hits you with a +1 whip of flaming.
Pikel burns you. Something hits you but does no damage.
You shoot an arrow. The arrow hits Pikel.
The arrow burns Pikel.
Pikel is heavily wounded.
The jelly hits you but does no damage. Pikel barely misses you.
You shoot an arrow. The arrow hits Pikel!
The arrow burns Pikel.
Pikel is severely wounded.
Something hits you! The jelly hits you but does no damage.
Pikel hits you but does no damage.
You shoot an arrow. The arrow hits Pikel.
The arrow burns Pikel.
Pikel is almost dead.
The jelly hits you but does no damage.
Pikel hits you with a +1 whip of flaming.
Pikel burns you.
You hear some strange, mumbled words.
Something tries to affect you, but you resist.
You shoot an arrow. The arrow hits Pikel!
The arrow burns Pikel.
You kill Pikel!
With Pikel's spell broken, his former minion thanks you for its freedom.
The lemure departs this earthly plane.
The jelly barely misses you.
You hear some strange, mumbled words.
Something tries to affect you, but you resist.
Your Dodging skill gained 5 levels and is now at level 7!
You have reached level 7!
You shoot an arrow.
The arrow hits the jelly but does no damage.
The jelly hits you but does no damage. Something hits you.
You shoot an arrow. The arrow hits the jelly!
The arrow burns the jelly.
The jelly is almost dead.
The jelly barely misses you.
You shoot an arrow. The arrow hits the jelly.
The arrow burns the jelly.
You kill the jelly!
Something hits you.
You shoot an arrow. Something hits you.
You shoot an arrow. Something hits you.
You die...

...#...#......####.##
#........##.## #..#
#.....###..# ##.#
##....##....# #.##
##.........#..# #..#
#...#....####.# #..#
##..{### #..# ##.##
#...).# #.#####..#.
.....###@#
#.......... #...##
#..#####..........
...
.................. ..
).................. .
..........>)..####..
...............# #.
...............## .
...........##...# ##.
.........# #..


There were no monsters in sight!

Vanquished Creatures
  Pikel (D:4)
  Menkaure (D:4)
  A kobold brigand (D:3)
  A scorpion (D:3)
  An orc priest (D:3)
  A jelly (D:4)
  An orc wizard (D:3)
  4 adders
  4 gnolls (D:3)
  A worm (D:3)
  A dart slug (D:1)
  9 orcs
  6 endoplasms
  3 giant cockroaches (D:1)
  8 goblins
  A hobgoblin (D:1)
  2 jackals (D:1)
  6 kobolds
  A quokka (D:1)
  4 ball pythons
  3 bats
  5 frilled lizards
  5 rats
70 creatures vanquished.

Notes
Turn   | Place    | Note
-------+----------+-------------------------------------------
     0 | D:1      | qw the Deep Elf Hunter began the quest for the Orb.
     0 | D:1      | Reached XP level 1. HP: 12/12 MP: 3/3
     0 | D:1      | 0 ||| qw: Version: 0.3-a-22-g0ed2b0b
     0 | D:1      | 0 ||| qw: Game counter: 5001
     0 | D:1      | 0 ||| qw: Melee chars always use a shield: true
     0 | D:1      | 0 ||| qw: God list: Okawaru
     0 | D:1      | 0 ||| qw: Allow faded altars: false
     0 | D:1      | 0 ||| qw: Do Orc after clearing Dungeon:15 true
     0 | D:1      | 0 ||| qw: Do second Lair branch before Depths: true
     0 | D:1      | 0 ||| qw: Lair rune preference: random
     0 | D:1      | 0 ||| qw: Goals: Normal
     0 | D:1      | 0 ||| PLANNING D:1-11
    64 | D:1      | Reached skill level 6 in Ranged Weapons
    64 | D:1      | Reached XP level 2. HP: 9/16 MP: 4/4
   270 | D:1      | Reached XP level 3. HP: 20/20 MP: 5/5
   369 | D:1      | 369 ||| FLEEEEING.
   370 | D:1      | 370 ||| FLEEEEING.
   585 | D:1      | 585 ||| UPGRADING to +0 cloak.
   590 | D:1      | 590 ||| UPGRADING to +0 ring mail.
   600 | D:1      | 600 ||| DROPPING +0 leather armour.
   601 | D:1      | 601 ||| UPGRADING to ring of resist corrosion.
   602 | D:1      | 602 ||| READING scroll labelled OZISHR PEISTEU.
   603 | D:1      | 603 ||| DROPPING scroll of butterflies.
   642 | D:2      | Found a shadowy altar of Dithmenos.
   755 | D:2      | Found a faded altar of an unknown god.
   949 | D:2      | Reached skill level 7 in Ranged Weapons
   982 | D:2      | Identified the +2 hand axe of Trauma {drain, Will+ Str+2
                  | Int+2 Dex+3}
  1069 | D:2      | 1069 ||| READING scroll labelled SIACLEL RIESUGESU.
  1070 | D:2      | 1070 ||| READING 2 scrolls labelled CICUGA OGYS.
  1071 | D:2      | 1071 ||| READING scroll labelled DIUBIPSENLU.
  1072 | D:2      | 1072 ||| READING scroll labelled OPOADU ZESOT.
  1077 | D:2      | 1077 ||| DRINKING 3 fizzy orange potions.
  1124 | D:3      | Reached XP level 4. HP: 25/25 MP: 6/6
  1150 | D:3      | Noticed a scorpion
  1157 | D:3      | Killed a scorpion
  1158 | D:3      | Reached skill level 8 in Ranged Weapons
  1213 | D:3      | Reached XP level 5. HP: 29/29 MP: 7/7
  1317 | D:3      | 1317 ||| FLEEEEING.
  1318 | D:3      | 1318 ||| FLEEEEING.
  1323 | D:3      | 1323 ||| FLEEEEING.
  1326 | D:3      | 1326 ||| FLEEEEING.
  1330 | D:3      | 1330 ||| FLEEEEING.
  1331 | D:3      | 1331 ||| FLEEEEING.
  1332 | D:3      | 1332 ||| FLEEEEING.
  1334 | D:3      | 1334 ||| FLEEEEING.
  1335 | D:3      | 1335 ||| FLEEEEING.
  1336 | D:3      | 1336 ||| FLEEEEING.
  1337 | D:3      | 1337 ||| FLEEEEING.
  1344 | D:3      | 1344 ||| FLEEEEING.
  1345 | D:3      | 1345 ||| FLEEEEING.
  1346 | D:3      | 1346 ||| FLEEEEING.
  1347 | D:3      | 1347 ||| FLEEEEING.
  1348 | D:3      | 1348 ||| FLEEEEING.
  1349 | D:3      | 1349 ||| FLEEEEING.
  1358 | D:3      | HP: 6/29 [poisoned by a kobold brigand]
  1361 | D:3      | Reached skill level 9 in Ranged Weapons
  1361 | D:3      | HP: 2/29 [poisoned by a kobold brigand]
  1363 | D:3      | 1363 ||| DRINKING 2 potions of curing.
  1363 | D:3      | 1363 ||| (to cure poison)
  1504 | D:3      | Found a sparkling altar of Nemelex Xobeh.
  1638 | D:3      | 1638 ||| FLEEEEING.
  1639 | D:3      | 1639 ||| FLEEEEING.
  1640 | D:3      | 1640 ||| FLEEEEING.
  1649 | D:3      | 1649 ||| FLEEEEING.
  1650 | D:3      | 1650 ||| FLEEEEING.
  1651 | D:3      | 1651 ||| FLEEEEING.
  1652 | D:3      | 1652 ||| FLEEEEING.
  1653 | D:3      | 1653 ||| FLEEEEING.
  1654 | D:3      | 1654 ||| FLEEEEING.
  1655 | D:3      | 1655 ||| FLEEEEING.
  1656 | D:3      | 1656 ||| FLEEEEING.
  1657 | D:3      | 1657 ||| FLEEEEING.
  1658 | D:3      | 1658 ||| FLEEEEING.
  1659 | D:3      | 1659 ||| FLEEEEING.
  1660 | D:3      | 1660 ||| STAIRDANCE
  1706 | D:2      | 1706 ||| UPGRADING to +0 pair of gloves.
  1715 | D:3      | Paralysed by an orc priest for 3 turns
  1719 | D:3      | Reached XP level 6. HP: 35/35 MP: 8/8
  1734 | D:3      | Found a hide-covered altar of Uskayaw.
  1953 | D:3      | Reached skill level 1 in Armour
  2006 | D:3      | 2006 ||| READING 2 scrolls of identify.
  2006 | D:3      | 2006 ||| IDENTIFYING fizzy yellow potion
  2045 | D:4      | Noticed Menkaure
  2050 | D:4      | Killed Menkaure
  2051 | D:4      | Reached skill level 10 in Ranged Weapons
  2330 | D:4      | Noticed Sigmund
  2336 | D:4      | Noticed Pikel
  2340 | D:4      | 2340 ||| FLEEEEING.
  2341 | D:4      | 2341 ||| FLEEEEING.
  2342 | D:4      | 2342 ||| FLEEEEING.
  2351 | D:4      | HP: 8/35 [Pikel/+1 whip of flaming (1)]
  2352 | D:4      | Killed Pikel
  2353 | D:4      | Reached XP level 7. HP: 10/40 MP: 9/9
  2355 | D:4      | HP: 2/40 [something (2)]
  2357 | D:4      | Slain by Sigmund

Levels and vault maps discovered:
D:1:      grunt_arrival_crossed_arrows, layout_rooms, minmay_tetromino_t4
D:2:      layout_rooms, basic_altar, shapermc_ecumenical_altar_mp_highgroup
D:3:      layout_rooms, nicolae_uskayaw_dance_hall,
          nemelex_diamond_rough_becter, serial_corexii_hall,
          chequers_hall_statues_wall_a, chequers_hall_statues_corner_a,
          corexii_hall_statues_l, corexii_hall_statues_l,
          minmay_misc_feat_rugged, st_stairs_5
D:4:      layout_layer_cave, lemuel_zombie_altar_yredelemnul, glass_columns_b,
          minmay_pentangle, uniq_blork_the_orc, uniq_pikel, uniq_menkaure,
          uniq_sigmund

Skill      XL: |  1  2  3  4  5  6 |
---------------+-------------------+-----
Ranged Weapons | 6 7 8 9 10 | 10.3
Fighting       | 2 |  2.1
Armour         | 1 |  1.0
Dodging        | 7 |  7.0
Stealth        | |  1.2

Action                     |  1- 3 |  4- 6 |  7- 9 || total
---------------------------+-------+-------+-------++-------
   Fire: Shortbow          |   117 |   104 |     5 ||   226
    Use: Scroll            |     5 |     1 |       ||     6
         Potion            |     1 |     1 |       ||     2
 Armour: Leather armour    |    14 |       |       ||    14
         Ring mail         |     3 |    19 |     1 ||    23
  Dodge: Dodged            |    39 |    22 |     1 ||    62

Table legend:
 A = Non-vault XP
 B = Vault XP
 C = Vault XP percentage of total XP
 D = Non-vault monster count
 E = Vault monster count
 F = Vault count percentage of total count
                 A         B        C        D         E       F
            +---------+---------+-------+---------+---------+-------
      Total |     415 |     923 |  69.0 |      62 |       8 |  11.4
            +---------+---------+-------+---------+---------+-------
        D:1 |      46 |       4 |   8.0 |      26 |       3 |  10.3
        D:2 |      21 |       0 |   0.0 |       6 |       0 |   0.0
        D:3 |     300 |      99 |  24.8 |      26 |       3 |  10.3
        D:4 |      48 |     820 |  94.5 |       4 |       2 |  33.3
            +---------+---------+-------+---------+---------+-------
